 Dungeon Crawl Stone Soup version 0.17.1-3-g152610e (webtiles) character file.

124 Charly the Insei (level 5, -1/25 HPs)
             Began as a Vine Stalker Transmuter on May 3, 2016.
             Succumbed to an orc's poison
             ... on level 4 of the Dungeon.
             The game lasted 00:05:24 (312 turns).

Charly the Insei (Vine Stalker Transmuter)           Turns: 312, Time: 00:05:25

Health: -1/25      AC:  2    Str: 13    XL:     5   Next: 8%
Magic:  1/10       EV: 12    Int: 14    God:
Gold:   25         SH:  0    Dex: 14    Spells: 3 memorised, 4 levels left

rFire  . . .     SeeInvis .       - Unarmed
rCold  . . .     Clarity  .     b - +0 robe
rNeg   . . .     SustAt   .     (no shield)
rPois  .         Gourm    .     (no helmet)
rElec  .         Spirit   +     (no cloak)
rCorr  .         Warding  .     (no gloves)
rMut   .         Rnd*Tele +     (no boots)
MR     .....                    (no amulet)
Stlth  +.........               (no ring)
                                f - ring of teleportation (curse)

@: lethally poisoned (-1 -> -12), very slightly contaminated, not resistant to
hostile enchantments, very unstealthy
A: fangs 2, regeneration 1, magic shield, antimagic bite, no device heal 3, rot
immunity
a: Evoke Teleportation


You were on level 4 of the Dungeon.
You were not hungry.

You visited 1 branch of the dungeon, and saw 5 of its levels.

You collected 25 gold pieces.

Inventory:

Missiles
 a - 10 arrows
 k - 15 poisoned needles
Armour
 b - a +0 robe (worn)
Jewellery
 f - a cursed ring of teleportation (left hand)
Wands
 h - a wand of magic darts (17)
Scrolls
 e - 2 scrolls of enchant armour {unknown}
 g - a scroll of enchant weapon {unknown}
 i - 2 scrolls of random uselessness {unknown}
 j - a scroll of identify {unknown}
Books
 c - a book of Changes

   Spells                             Type                      Level
   a - Beastly Appendage              Transmutation                1
   b - Sticks to Snakes               Transmutation                2
   c - Spider Form                    Transmutation/Poison         3
   d - Ice Form                       Ice/Transmutation            4
   e - Blade Hands                    Transmutation                5
Comestibles
 d - a bread ration


   Skills:
 - Level 0.8 Fighting
 - Level 1.5 Dodging
 + Level 4.2 Unarmed Combat
 + Level 3.0 Spellcasting
 + Level 3.4 Transmutations


You had 4 spell levels left.
You knew the following spells:

 Your Spells              Type           Power        Failure   Level  Hunger
a - Beastly Appendage     Trmt           ##....       6%          1    #......
s - Sticks to Snakes      Trmt           ##........   10%         2    ##.....
S - Spider Form           Trmt/Pois      #.........   38%         3    ###....


Dungeon Overview and Level Annotations

Branches:
Dungeon (5/15)
 Temple: D:4-7

Altars:


Innate Abilities, Weirdness & Mutations

You have extremely sharp teeth.
Your natural rate of healing is unusually fast.
When hurt, damage is shared between your health and your magic reserves.
Your bite disrupts and absorbs the magic of your enemies.
Potions and wands cannot restore your health.
You are immune to rotting.


Message History

The orc hits you with a short sword of venom.
* * * LOW HITPOINT WARNING * * *
You are poisoned.
Unknown command.
Casting: Spider Form
Confirm with . or Enter, or press ? or * to list all spells.
You miscast Sticks to Snakes.
Multicoloured lights dance before your eyes!
You feel sick.
The orc hits you with a short sword of venom!
* * * LOW HITPOINT WARNING * * *
You are more poisoned.
You aren't carrying any potions.
You hit the orc but do no damage.
The orc is almost dead.
* * * LOW HITPOINT WARNING * * *
You feel sick.
You hit the orc.
You kill the orc!
You die...

##. # ... .% #.# ... ###########
#.# .... #.......... #.# .....
#.#####.... #.#####
.....o########.......... .#.##..
.....o)@...............) ..<.#.#
......########'#####.#.#
###.#.## ##... #.....# #.#..
.......# ### #.....# #.###
....#..#############.....# #.#
###..>).).........##.....####.##
#.##.##########.##.....'......
#.##.# #..#.....####.## #.##.#
### ##.#..........#


You could see 2 orcs.

Vanquished Creatures
  An orc priest (D:4)
  2 orc wizards (D:4)
  An iguana (D:4)
  3 orcs (D:4)
  2 giant cockroaches
  3 goblins
  A ball python (D:4)
  2 giant geckos
  3 jackals (D:4)
  A kobold (D:3)
  A rat (D:3)
20 creatures vanquished.

Vanquished Creatures (collateral kills)
  A ball python zombie (D:4)
1 creature vanquished.

Grand Total: 21 creatures vanquished

Notes
Turn   | Place    | Note
--------------------------------------------------------------
     0 | D:1      | Charly the Vine Stalker Transmuter began the quest for the Orb.
     0 | D:1      | Reached XP level 1. HP: 9/9 MP: 4/4
    23 | D:1      | You fall through a shaft!
    57 | D:2      | rtel
    79 | D:3      | Reached XP level 2. HP: 7/14 MP: 6/6
    85 | D:3      | Learned a level 2 spell: Sticks to Snakes
   157 | D:4      | Reached XP level 3. HP: 14/17 MP: 3/7
   175 | D:4      | Learned a level 3 spell: Spider Form
   218 | D:5      | Entered Level 5 of the Dungeon
   225 | D:4      | Reached skill level 4 in Unarmed Combat
   225 | D:4      | Reached XP level 4. HP: 12/21 MP: 2/8
   303 | D:4      | Reached XP level 5. HP: 7/25 MP: 1/10
   310 | D:4      | HP: 1/25 [orc/short sword of venom (4)]
   312 | D:4      | Succumbed to an orc's poison

Action                   |  1- 3 |  4- 6 || total
-------------------------+-------+-------++-------
Melee: Unarmed           |    56 |    18 ||    74
 Cast: Beastly Appendage |     1 |       ||     1
       Sticks to Snakes  |     2 |       ||     2
       Spider Form       |     1 |     1 ||     2
 Abil: End Transformatio |       |     1 ||     1
